 Dungeon Crawl Stone Soup version 0.17-a0-2073-gde5cdba (webtiles) character file.

9816 brucemayne the Cleaver (level 11, -5/82 HPs)
             Began as a Vine Stalker Berserker on Oct 15, 2015.
             Was an Elder of Trog.
             Slain by a polar bear (9 damage)
             ... in an ice cave.
             The game lasted 00:18:11 (2930 turns).

brucemayne the Cleaver (Vine Stalker Berserker)     Turns: 2930, Time: 00:18:11

Health: -5/82      AC: 15    Str: 25    XL:     11   Next: 52%
Magic:  0/12       EV:  9    Int:  7    God:    Trog [****..]
Gold:   457        SH:  0    Dex: 17    Spells: 0 memorised, 10 levels left

rFire  . . .     SeeInvis +     l - +0 war axe
rCold  . . .     Clarity  .     o - +0 chain mail
rNeg   . . .     SustAt   .     (no shield)
rPois  .         Gourm    .     g - +0 helmet
rElec  .         Spirit   +     A - +0 cloak
rCorr  .         Warding  .     (no gloves)
rMut   .         Stasis   .     p - +2 pair of boots
MR     +++..                    h - amulet of regeneration
Stlth  ..........               H - ring of see invisible
                                m - ring of flight

@: berserking, regenerating, very quick, extremely resistant to hostile
enchantments, extremely unstealthy
A: fangs 3, regeneration 2, magic shield, antimagic bite, no device heal 3, rot
immunity
a: Burn Spellbooks, Berserk, Trog's Hand, Brothers in Arms, Renounce Religion,
Evoke Flight


You were in an ice cave.
You worshipped Trog.
Trog was greatly pleased with you.
You were hungry.

You visited 2 branches of the dungeon, and saw 13 of its levels.
You also visited: Labyrinth and Ice Cave.

You collected 457 gold pieces.

Inventory:

Hand Weapons
 a - a +1 hand axe
 e - a +0 dagger of venom
 l - a +0 war axe (weapon)
 y - a +1 demon whip of venom
Missiles
 q - 13 poisoned needles
Armour
 b - a +0 animal skin
 f - a +0 pair of boots
 g - a +0 helmet (worn)
 o - a +0 chain mail (worn)
 p - a +2 pair of boots (worn)
 A - a +0 cloak (worn)
Rods
 F - a +9 rod of the swarm (14/14)
   (You found it in a labyrinth)
Jewellery
 h - an amulet of regeneration (around neck)
 m - a ring of flight (left hand)
 H - a ring of see invisible (right hand)
Wands
 i - a wand of slowing (25)
 s - a wand of magic darts (34)
 u - a wand of frost (16)
 v - a wand of cold (14)
 G - a wand of digging (17)
 K - a wand of teleportation (5)
Scrolls
 d - 3 scrolls of teleportation
 n - a scroll of remove curse
 w - 2 scrolls of identify
 x - a scroll of enchant armour
 C - a scroll of recharging
Potions
 j - 2 potions of heal wounds {unknown}
 k - 5 potions of curing
 r - a potion of haste {unknown}
 t - a potion of cancellation {unknown}
 z - a potion of lignification {unknown}
 E - a potion of mutation {unknown}
Books
 B - a book of Frost

   Spells                             Type                      Level
   a - Freeze                         Ice                          1
   b - Throw Frost                    Conjuration/Ice              2
   c - Ozocubu's Armour               Charms/Ice                   3
   d - Throw Icicle                   Conjuration/Ice              4
   e - Summon Ice Beast               Ice/Summoning                4
   f - Condensation Shield            Ice                          4
   Trog disapproves of the use of such an item.
 D - a book of Maledictions

   Spells                             Type                      Level
   a - Corona                         Hexes                        1
   b - Ensorcelled Hibernation        Hexes/Ice                    2
   c - Confuse                        Hexes                        3
   d - Tukima's Dance                 Hexes                        3
   e - Dazzling Spray                 Conjuration/Hexes            3
   Trog disapproves of the use of such an item.
 I - a book of Alchemy

   Spells                             Type                      Level
   a - Sublimation of Blood           Necromancy                   2
   b - Ignite Poison                  Fire/Transmutation/Poison    3
   c - Alistair's Intoxication        Transmutation/Poison         4
   d - Condensation Shield            Ice                          4
   e - Petrify                        Transmutation/Earth          4
   f - Irradiate                      Conjuration/Transmutation    5
   Trog disapproves of the use of such an item.
 J - a book of Spatial Translocations

   Spells                             Type                      Level
   a - Apportation                    Translocation                1
   b - Blink                          Translocation                2
   c - Shroud of Golubria             Charms/Translocation         2
   d - Portal Projectile              Translocation                3
   e - Teleport Other                 Translocation                3
   f - Passage of Golubria            Translocation                4
   Trog disapproves of the use of such an item.
Comestibles
 c - 2 bread rations
 L - 6 chunks of flesh


   Skills:
 - Level 5.1 Fighting
 + Level 14.6 Axes
 - Level 4.2 Armour
 - Level 1.5 Dodging


You had 10 spell levels left.
You didn't know any spells.

Dungeon Overview and Level Annotations

Branches:
Dungeon (12/15)              Lair (0/8) D:10            Orc (1/4) D:12
 Temple: D:4-7

Altars:
Cheibriados
The Shining One

Annotations:
D:8 Erica
D:9 Prince Ribbit
D:12 exclusion: orange crystal statue


Innate Abilities, Weirdness & Mutations

You have razor-sharp teeth.
You heal very quickly.
When hurt, damage is shared between your health and your magic reserves.
Your bite disrupts and absorbs the magic of your enemies.
Potions and wands cannot restore your health.
You are immune to rotting.


Message History

The polar bear claws you but does no damage.
The polar bear bites you but does no damage.
The polar bear claws you but does no damage. x2
The polar bear bites you but does no damage.
The polar bear claws you but does no damage.
The polar bear claws you.
* * * LOW HITPOINT WARNING * * *
You slash the polar bear!
You kill the polar bear!
Trog accepts your kill.
You hit the polar bear.
The polar bear is moderately wounded.
You slash the polar bear!
The polar bear is heavily wounded.
You completely miss the polar bear. Your bite misses the polar bear.
The polar bear is heavily wounded.
You slash the polar bear!
The polar bear is severely wounded.
The polar bear bites you!
You die...

.. ... #### ....
##..###### #....
##....##..## ##...#.
#..........###hY..h.#
#.∩††.....†@#..h....#
#...††..##hh†.#
##....#####..##
##..## #### ####


You could see 2 polar bears.

Vanquished Creatures
  A minotaur (Lab)
  Erolcha (D:12)
  2 ugly things
  A hill giant (D:11)
  A cyclops (D:12)
  A fire drake (D:10)
  3 polar bears (IceCv)
  9 yaks
  Menkaure (D:7)
  3 hungry ghosts
  A hippogriff (D:10)
  4 wolves (IceCv)
  Duvessa (D:7)
  A phantom (D:8)
  An ogre (D:10)
  9 ice beasts
  2 orc warriors
  An eye of draining (D:11)
  2 sky beasts
  4 centaurs
  A crocodile (D:10)
  3 big kobolds
  A giant frog (D:9)
  Dowan (D:7)
  A water moccasin zombie (D:11)
  A scorpion (D:10)
  2 troll zombies (D:12)
  A wyvern skeleton (D:12)
  A killer bee (D:9)
  2 crimson imps (D:11)
  A giant frog zombie (D:8)
  6 orc priests
  A jelly (D:9)
  A worker ant (D:7)
  5 orc wizards
  A killer bee zombie (D:6)
  2 sheep (D:12)
  5 ogre zombies (D:12)
  8 adders
  A shadow imp (D:12)
  A giant gecko (D:6)
  31 orcs
  2 ball pythons
  A bat (D:1)
  4 hobgoblins (D:1)
  9 jackals
  15 kobolds
  2 giant newts
  5 goblins (D:1)
  A goblin skeleton (D:12)
  2 hobgoblin skeletons (D:12)
  4 orc skeletons (D:12)
  15 orc zombies (D:12)
  3 rats
189 creatures vanquished.

Vanquished Creatures (others)
  2 orcs (D:8)
2 creatures vanquished.

Grand Total: 191 creatures vanquished

Notes
Turn   | Place    | Note
--------------------------------------------------------------
     0 | D:1      | brucemayne the Vine Stalker Berserker began the quest for the Orb.
     0 | D:1      | Reached XP level 1. HP: 11/11 MP: 2/2
    58 | D:1      | Reached skill level 3 in Axes
    85 | D:1      | Reached XP level 2. HP: 4/16 MP: 0/3
   292 | D:2      | Reached ** piety under Trog
   340 | D:3      | Reached XP level 3. HP: 10/19 MP: 2/4
   404 | D:4      | Found a glowing golden altar of the Shining One.
   485 | D:5      | Entered Level 5 of the Dungeon
   558 | D:6      | Reached skill level 4 in Axes
   585 | D:7      | Noticed Menkaure
   596 | D:7      | Killed Menkaure
   596 | D:7      | Reached skill level 5 in Axes
   596 | D:7      | Reached XP level 4. HP: 19/23 MP: 5/5
   596 | D:7      | Reached XP level 5. HP: 22/27 MP: 6/6
   634 | D:7      | Noticed Duvessa
   634 | D:7      | Noticed Dowan
   643 | D:7      | Killed Duvessa
   643 | D:7      | Reached skill level 6 in Axes
   643 | D:7      | Gained mutation: You heal very quickly. [Vine Stalker growth]
   643 | D:7      | Reached XP level 6. HP: 32/32 MP: 5/7
   652 | D:7      | Killed Dowan
   740 | D:8      | Reached skill level 7 in Axes
   740 | D:8      | Reached XP level 7. HP: 35/35 MP: 8/8
   855 | D:8      | Noticed Erica
   906 | D:9      | Reached skill level 8 in Axes
   939 | D:9      | Noticed Prince Ribbit
  1054 | D:10     | Entered Level 10 of the Dungeon
  1095 | D:10     | Gained mutation: You have razor-sharp teeth. [Vine Stalker growth]
  1095 | D:10     | Reached XP level 8. HP: 39/39 MP: 9/9
  1201 | D:10     | Noticed a fire drake
  1218 | D:10     | Killed a fire drake
  1218 | D:10     | Reached skill level 9 in Axes
  1231 | D:10     | Reached *** piety under Trog
  1234 | D:10     | Found a staircase to the Lair.
  1360 | D:10     | Noticed a hippogriff
  1370 | D:10     | Killed a hippogriff
  1370 | D:10     | Reached skill level 10 in Axes
  1416 | D:10     | Reached XP level 9. HP: 23/43 MP: 6/10
  1533 | D:11     | Reached skill level 11 in Axes
  1588 | D:11     | Noticed a hill giant
  1636 | D:11     | Reached skill level 12 in Axes
  1673 | D:11     | Reached XP level 10. HP: 42/49 MP: 11/11
  1683 | D:11     | Killed a hill giant
  1686 | D:11     | Reached **** piety under Trog
  1741 | D:11     | Noticed a green ugly thing
  1756 | D:11     | Killed a green ugly thing
  1756 | D:11     | Reached skill level 5 in Fighting
  1849 | D:12     | Noticed a cyclops
  1973 | D:12     | Found a snail-covered altar of Cheibriados.
  2022 | D:12     | Noticed a cyclops
  2025 | D:12     | Noticed Erolcha
  2035 | D:12     | Killed Erolcha
  2037 | D:12     | Killed a cyclops
  2103 | D:12     | Reached skill level 13 in Axes
  2171 | D:12     | Found a labyrinth entrance.
  2179 | Lab      | Entered a labyrinth
  2407 | Lab      | Noticed a minotaur
  2419 | Lab      | Killed a minotaur
  2419 | Lab      | Reached XP level 11. HP: 42/55 MP: 12/12
  2493 | D:12     | Noticed a green ugly thing
  2508 | D:12     | Killed a green ugly thing
  2623 | D:12     | Found a staircase to the Orcish Mines.
  2651 | Orc:1    | Entered Level 1 of the Orcish Mines
  2799 | Orc:1    | Reached skill level 14 in Axes
  2808 | Orc:1    | Found a frozen archway.
  2843 | IceCv    | Entered an ice cave
  2928 | IceCv    | HP: 3/82 [polar bear (5)]
  2930 | IceCv    | Slain by a polar bear

Vault maps used:
D:1:      lightli_arrival_boilingwater
D:3:      nrook_mini_backslash
D:4:      tso_altar, serial_shops, nicolae_shop_crystal, minmay_misc_feat_roman
D:5:      serial_shops, shop_fountains, first_bread, uniq_eustachio,
          uniq_edmund, uniq_grinder
D:7:      uniq_pikel, uniq_duvessa, uniq_menkaure
D:8:      hangedman_cross_stitches, hangedman_pestilent_swarm,
          fungi_pond_lemuel, uniq_erica
D:9:      uniq_grum, uniq_prince_ribbit1
D:10:     minmay_lair_entry_lava, enter_bailey_3
D:11:     uniq_maud
D:12:     minmay_separated_statues, zombieorc2_lemuel, lab_entry_generic,
          lemuel_tele_altar, uniq_erolcha
Orc:1:    portal_ice_cave_entry_ice_beasts
Lab:      labyrinth_hidden_loot, labyrinth_skeletal_remains
IceCv:    ice_cave_small_giant

Action                   |  1- 3 |  4- 6 |  7- 9 | 10-12 || total
-------------------------+-------+-------+-------+-------++-------
Melee: Hand axe          |    94 |    32 |   269 |    96 ||   491
       War axe           |       |       |       |   157 ||   157
Invok: Berserk           |     1 |     1 |     3 |     8 ||    13
       Trog's Hand       |     1 |     1 |     3 |     3 ||     8
Evoke: Wand              |       |       |     6 |       ||     6
  Use: Scroll            |     2 |     2 |       |     5 ||     9
 Stab: Sleeping          |     1 |       |       |       ||     1
  Eat: Chunk             |       |     2 |     8 |     4 ||    14
       Royal jelly       |       |       |     1 |     1 ||     2
       Meat ration       |       |       |       |     1 ||     1
       Bread ration      |       |       |       |     1 ||     1
